[Event "Titled Tuesday Blitz August 08 Early 2023"]
[White "Semenova, Alina"]
[Black "Dehtiarov, Roman"]
[WhiteFideId "24113875"]
[BlackFideId "14186640"]
[WhiteElo "2089"]
[BlackElo "2664"]
[Result "0-1"]
[Round "2"]
[TimeControl "180+1"]
[Date "2023.08.08"]
[WhiteClock "0:00:14"]
[BlackClock "0:01:35"]
[Board "124"]

1. e4 e5 2. Nf3 Nc6 3. c3 Nf6 4. d4 exd4 5. e5 Ne4 6. Qe2 Nc5 7. cxd4 Ne6 8. d5 Ncd4 9. Nxd4 Nxd4 10. Qe4 c5 11. d6 g6 12. Nc3 Bg7 13. Bc4 O-O 14. O-O Rb8 15. a4 b6 16. f4 Bb7 17. Bd5 Ba6 18. Re1 Kh8 19. Be3 Nf5 20. Bf2 f6 21. g4 Nd4 22. e6 dxe6 23. Bxe6 Qxd6 24. Bxd4 cxd4 25. Nb5 Bxb5 26. axb5 f5 27. gxf5 gxf5 28. Bxf5 d3 29. Qxd3 Qc5+ 30. Kh1 Qxf5 31. Qxf5 Rxf5 32. Rxa7 Rxf4 33. Ree7 Bxb2 34. Rxh7+ Kg8 35. Rab7 Rxb7 36. Rxb7 Bd4 37. Rd7 Bc5 38. Kg2 Rb4 39. Kg3 Rxb5 40. h4 Rb4 41. h5 Rd4 42. Rb7 Kh8 43. Kh3 Rb4 44. Kg3 Be3 45. Kh3 Bg5 46. Kg3 Bf6 47. h6 Bg5 48. h7 Be3 49. Kf3 Bc5 50. Kg3 Rd4 51. Kf3 Rh4 52. Ke2 Rxh7 53. Rb8+ Kg7 54. Rb7+ Kg6 55. Rxh7 Kxh7 0-1


[Site "https://www.chess.com"]

[Event "Titled Tuesday Blitz August 08 Early 2023"]
[White "Thorsteinsdottir, Hallgerdur"]
[Black "Le, Tuan Minh"]
[WhiteFideId "2302454"]
[BlackFideId "12401153"]
[WhiteElo "2138"]
[BlackElo "2961"]
[Result "0-1"]
[Round "2"]
[TimeControl "180+1"]
[Date "2023.08.08"]
[WhiteClock "0:00:10"]
[BlackClock "0:00:37"]
[Board "125"]

1. d4 Nc6 2. c4 e5 3. d5 Nce7 4. e4 d6 5. g3 f5 6. Bh3 Nf6 7. Nc3 fxe4 8. Bxc8 Qxc8 9. Bg5 Ng6 10. Bxf6 gxf6 11. Nxe4 Be7 12. Ne2 f5 13. N4c3 O-O 14. Qd2 f4 15. gxf4 Nxf4 16. Nxf4 Rxf4 17. Rg1+ Kh8 18. Qd3 Qf8 19. Rg2 Rf3 20. Qe4 Rf4 21. Qe2 Qh6 22. Nd1 Raf8 23. Ne3 Bh4 24. Ng4 Qg6 25. O-O-O Qe4 26. Qxe4 Rxe4 27. b3 h5 28. f3 Rxf3 29. Nh6 Kh7 30. Ng8 Rg4 31. Rxg4 hxg4 32. Rg1 Rf4 33. h3 Kxg8 34. hxg4 Kg7 0-1


[Site "https://www.chess.com"]

[Event "Titled Tuesday Blitz August 08 Early 2023"]
[White "Domingo Nunez, Alejandro"]
[Black "Kovalev, Vladislav"]
[WhiteFideId "22245561"]
[BlackFideId "13504398"]
[WhiteElo "2503"]
[BlackElo "2925"]
[Result "1-0"]
[Round "2"]
[TimeControl "180+1"]
[Date "2023.08.08"]
[WhiteClock "0:00:12"]
[BlackClock "0:00:00"]
[Board "126"]

1. Nf3 Nf6 2. g3 g6 3. b3 Bg7 4. Bb2 c5 5. c4 b6 6. Bg2 Bb7 7. O-O O-O 8. d4 cxd4 9. Qxd4 d6 10. Nc3 Nbd7 11. Qd2 a6 12. Rfd1 Rc8 13. Rac1 Nc5 14. Qc2 b5 15. b4 Nce4 16. c5 Qc7 17. Nxe4 Bxe4 18. Qb3 dxc5 19. bxc5 Qb7 20. Bh3 Rcd8 21. Rxd8 Rxd8 22. Ng5 Bd5 23. c6 Qc7 24. Qa3 Bc4 25. Qxa6 h6 26. Nf3 Ne4 27. Bxg7 Kxg7 28. a4 Rb8 29. axb5 Bxb5 30. Qa1+ f6 31. Qb1 Nd6 32. Qc2 Qb6 33. Qd2 Bxc6 34. Nd4 Bd5 35. Bg2 Bxg2 36. Kxg2 Qb7+ 37. f3 Rc8 38. Rxc8 Qxc8 39. Qe3 Kf7 40. Qb3+ Qc4 41. Qxc4+ Nxc4 42. Kf2 Nd6 43. Nc2 h5 44. h4 e5 45. Ne3 Ke6 46. g4 f5 47. gxh5 gxh5 48. Ng2 f4 49. e3 fxe3+ 50. Kxe3 Nf5+ 51. Ke4 Nd6+ 52. Ke3 Kd5 53. f4 Nf5+ 54. Ke2 e4 55. Ne3+ Ke6 56. Nxf5 Kxf5 57. Ke3 Kf6 58. Kxe4 1-0


[Site "https://www.chess.com"]

[Event "Titled Tuesday Blitz August 08 Early 2023"]
[White "Sjugirov, Sanan"]
[Black "Hnydiuk, Aleksander"]
[WhiteFideId "4189302"]
[BlackFideId "1109057"]
[WhiteElo "2918"]
[BlackElo "2503"]
[Result "1-0"]
[Round "2"]
[TimeControl "180+1"]
[Date "2023.08.08"]
[WhiteClock "0:02:13"]
[BlackClock "0:00:11"]
[Board "127"]

1. e4 e5 2. Nf3 Nc6 3. Bc4 Bc5 4. d3 Nf6 5. a4 O-O 6. O-O h6 7. a5 a6 8. c3 d5 9. exd5 Nxd5 10. Nbd2 Bf5 11. Re1 Re8 12. Ne4 Ba7 13. Qb3 Be6 14. Qxb7 Qd7 15. Qb3 f5 16. Ng3 Bf7 17. Nxf5 Rab8 18. Qa2 Rb5 19. Ng3 Rxa5 20. Qb1 Rxa1 21. Qxa1 Nf4 22. Bxf4 exf4 23. Rxe8+ Qxe8 24. Bxf7+ Qxf7 25. Ne4 Qd5 26. Qxa6 1-0


[Site "https://www.chess.com"]

[Event "Titled Tuesday Blitz August 08 Early 2023"]
[White "Yeletsky, Ivan"]
[Black "Glavina, Pablo"]
[WhiteFideId "24180327"]
[BlackFideId "100234"]
[WhiteElo "2852"]
[BlackElo "2502"]
[Result "1-0"]
[Round "2"]
[TimeControl "180+1"]
[Date "2023.08.08"]
[WhiteClock "0:02:28"]
[BlackClock "0:02:13"]
[Board "128"]

1. b3 d5 2. Bb2 Bg4 3. f3 Bh5 4. h4 f6 5. d4 Nc6 6. Nc3 Qd7 7. e3 O-O-O 8. Qd2 e5 9. O-O-O Bb4 10. a3 Ba5 11. b4 Bb6 12. dxe5 fxe5 13. Nxd5 Qe6 14. Bc4 Qe8 15. b5 Na5 16. Nxb6+ axb6 17. Be6+ 1-0


[Site "https://www.chess.com"]

[Event "Titled Tuesday Blitz August 08 Early 2023"]
[White "Molina, Roberto Junio Brito"]
[Black "Vovk, Orest"]
[WhiteFideId "2109450"]
[BlackFideId "14113490"]
[WhiteElo "2850"]
[BlackElo "2475"]
[Result "1-0"]
[Round "2"]
[TimeControl "180+1"]
[Date "2023.08.08"]
[WhiteClock "0:00:55"]
[BlackClock "0:00:08"]
[Board "129"]

1. d4 h6 2. e4 g5 3. Nc3 Bg7 4. Be3 c5 5. Nf3 Qa5 6. Qd2 Nc6 7. d5 g4 8. dxc6 gxf3 9. cxd7+ Bxd7 10. gxf3 O-O-O 11. O-O-O Bxc3 12. Qxc3 Qxc3 13. bxc3 b6 14. Ba6+ Kc7 15. Bf4+ Kc6 16. a4 Nf6 17. Rhg1 Be6 18. Be5 Rxd1+ 19. Kxd1 Rg8 20. Rg3 Rd8+ 21. Kc1 Nh5 22. Rg1 f6 23. Bg3 Nxg3 24. fxg3 c4 25. Rd1 Rxd1+ 26. Kxd1 Kc5 27. Bb5 Bc8 28. Kd2 Bb7 29. Ke3 e5 30. f4 Bc6 31. Bxc6 Kxc6 32. fxe5 fxe5 33. g4 a5 34. h4 b5 35. axb5+ Kxb5 36. g5 hxg5 37. hxg5 a4 38. Kd2 a3 39. Kc1 Kc6 40. g6 Kd7 41. g7 1-0


[Site "https://www.chess.com"]

[Event "Titled Tuesday Blitz August 08 Early 2023"]
[White "Henriquez Villagra, Cristobal"]
[Black "Khamdamova, Afruza"]
[WhiteFideId "3409350"]
[BlackFideId "14210444"]
[WhiteElo "2839"]
[BlackElo "2479"]
[Result "1-0"]
[Round "2"]
[TimeControl "180+1"]
[Date "2023.08.08"]
[WhiteClock "0:00:06"]
[BlackClock "0:00:04"]
[Board "130"]

1. Nf3 d5 2. g3 Nf6 3. Bg2 c5 4. O-O Nc6 5. d3 e5 6. e4 d4 7. Na3 Bd6 8. Nc4 Bc7 9. a4 O-O 10. Nh4 Be6 11. b3 a6 12. f4 exf4 13. Nf5 fxg3 14. hxg3 b5 15. axb5 axb5 16. Rxa8 Qxa8 17. Ncd6 Bxf5 18. Nxf5 Be5 19. g4 Qd8 20. g5 Ne8 21. Bh3 Nd6 22. Qg4 Ne7 23. Ba3 Ndxf5 24. exf5 Nd5 25. f6 Ne3 26. Qe4 Re8 27. Qc6 Nxf1 28. Kxf1 Bg3 29. Bxc5 Re1+ 30. Kg2 Bh4 31. Be7 Qb8 32. Bd6 Qd8 33. Bc7 Qf8 34. Qxb5 gxf6 35. Bf5 Bxg5 36. Be4 Qg7 37. Qe8+ Qf8 38. Bxh7+ Kg7 39. Qxe1 Kxh7 40. Qe4+ Kg8 41. Qxd4 Qc8 42. Qc4 Qb7+ 43. Kf2 Bh4+ 44. Qxh4 Qxc7 45. Qg3+ Qxg3+ 46. Kxg3 1-0


[Site "https://www.chess.com"]

[Event "Titled Tuesday Blitz August 08 Early 2023"]
[White "Ozen, Bahadir"]
[Black "Rietze, Clemens, Dr."]
[WhiteFideId "6337058"]
[BlackFideId "24620351"]
[WhiteElo "2813"]
[BlackElo "2449"]
[Result "1-0"]
[Round "2"]
[TimeControl "180+1"]
[Date "2023.08.08"]
[WhiteClock "0:00:48"]
[BlackClock "0:00:11"]
[Board "131"]

1. g3 Nf6 2. Nf3 g6 3. Bg2 Bg7 4. O-O O-O 5. d3 d6 6. Nbd2 e5 7. e4 Nc6 8. c3 a5 9. a4 Nd7 10. Nc4 f5 11. Re1 Nf6 12. exf5 Bxf5 13. Ne3 Bd7 14. Qb3+ Kh8 15. Qxb7 e4 16. dxe4 Nxe4 17. Nd5 Ra7 18. Qb3 Nc5 19. Qc4 Rxf3 20. Bxf3 Ne5 21. Rxe5 Bxe5 22. Be3 Qf8 23. Bg2 Be6 24. Bxc5 dxc5 25. Qe4 Qd6 26. Rd1 Bf5 27. Qe2 Ra8 28. Ne3 Qf8 29. Bxa8 Qe8 30. Nxf5 1-0


[Site "https://www.chess.com"]

[Event "Titled Tuesday Blitz August 08 Early 2023"]
[White "Kosteniuk, Alexandra"]
[Black "Rosh Jain"]
[WhiteFideId "4128125"]
[BlackFideId "25789465"]
[WhiteElo "2782"]
[BlackElo "2466"]
[Result "0-1"]
[Round "2"]
[TimeControl "180+1"]
[Date "2023.08.08"]
[WhiteClock "0:00:22"]
[BlackClock "0:00:05"]
[Board "132"]

1. c4 e6 2. Nc3 d5 3. d4 Nf6 4. cxd5 exd5 5. Bg5 Be7 6. e3 O-O 7. Bd3 h6 8. Bh4 c6 9. Nge2 Be6 10. O-O Re8 11. Rb1 Nbd7 12. b4 Rc8 13. h3 Nf8 14. f4 Bd7 15. f5 N8h7 16. Nf4 Bd6 17. Qd2 Qe7 18. Ncxd5 cxd5 19. Nxd5 Qf8 20. Nxf6+ gxf6 21. e4 Kh8 22. a3 Bc7 23. Bc4 Bh2+ 24. Kxh2 Rxc4 25. Rbe1 Ng5 26. e5 Bc6 27. Rf4 Bd5 28. exf6 Rec8 29. Rf2 Qd6+ 30. Bg3 Qd7 31. Be5 Rc2 32. Qxc2 Rxc2 33. Rxc2 Qxf5 34. Rc5 Qd7 35. Rec1 Ne4 36. Rc8+ Kh7 37. Rf8 Qf5 38. Rcc8 Qf2 39. Rh8+ Kg6 40. Rcg8+ Kf5 41. Rxh6 Ng5 0-1


[Site "https://www.chess.com"]

[Event "Titled Tuesday Blitz August 08 Early 2023"]
[White "Lamaze, Simon"]
[Black "Polaczek, Richard"]
[WhiteFideId "36069264"]
[BlackFideId "200026"]
[WhiteElo "2747"]
[BlackElo "2417"]
[Result "1-0"]
[Round "2"]
[TimeControl "180+1"]
[Date "2023.08.08"]
[WhiteClock "0:02:10"]
[BlackClock "0:00:03"]
[Board "133"]

1. c4 e6 2. d4 Nf6 3. Nf3 d5 4. g3 dxc4 5. Bg2 Bd7 6. Ne5 Bc6 7. Nxc6 Nxc6 8. e3 Qd7 9. O-O Rb8 10. Qe2 b5 11. a4 a6 12. axb5 axb5 13. b3 cxb3 14. Nd2 Be7 15. Nxb3 O-O 16. Bb2 Nb4 17. Ra7 Nfd5 18. e4 Nb6 19. Rd1 Ra8 20. Nc5 Qc6 21. Rda1 Rxa7 22. Rxa7 Ra8 23. Rxa8+ Nxa8 24. Qg4 Bf8 25. Qg5 f6 26. Qg4 Bxc5 27. dxc5 Nd3 28. Bxf6 Qd7 29. e5 Nxc5 30. Bxa8 c6 31. Bxc6 1-0


[Site "https://www.chess.com"]

[Event "Titled Tuesday Blitz August 08 Early 2023"]
[White "Priasmoro, Novendra"]
[Black "FREDERICKtheMATE"]
[WhiteFideId "7105029"]
[WhiteElo "2729"]
[BlackElo "2429"]
[Result "0-1"]
[Round "2"]
[TimeControl "180+1"]
[Date "2023.08.08"]
[WhiteClock "0:00:00"]
[BlackClock "0:00:08"]
[Board "134"]

1. e4 c5 2. Nf3 g6 3. d4 cxd4 4. Nxd4 Nc6 5. c4 Nf6 6. Nc3 Nxd4 7. Qxd4 d6 8. Be2 Bg7 9. Be3 O-O 10. Qd2 Be6 11. Rc1 Qa5 12. b3 Rfc8 13. f3 a6 14. Na4 Qxd2+ 15. Kxd2 Nd7 16. g4 f5 17. exf5 gxf5 18. g5 d5 19. cxd5 Bxd5 20. Rhd1 b5 21. Nc5 Nxc5 22. Bxc5 Be5 23. Ke3 e6 24. f4 Bb2 25. Rc2 Ba3 26. Kd4 Rc6 27. Bd3 Rac8 28. Bxa3 Rxc2 29. Bxc2 Rxc2 30. Bd6 Kf7 31. Ra1 Rxh2 32. Kc5 Rc2+ 33. Kb4 Kg6 34. Be5 h5 35. gxh6 Kxh6 36. Ka5 Rc6 37. b4 Kh5 38. a4 bxa4 39. Rxa4 Bc4 40. Ra3 Kg4 41. Rc3 Kh4 42. Bf6+ Kg4 43. Be5 Kh4 44. Rc1 Kg3 45. Rg1+ Kf3 46. Rg8 Bb5 47. Rd8 Rc2 48. Rd6 Ra2+ 49. Kb6 Ra4 50. Kc5 Be2 51. Rxe6 Ra2 52. Rf6 Rc2+ 53. Kb6 Ke4 54. Rd6 Bb5 55. Rd4+ Kf3 56. Rd5 Kg4 57. Rxb5 axb5 58. Kxb5 Kf3 59. Ka6 Ke4 60. b5 Kd5 61. b6 Kc6 62. Ka5 Ra2+ 63. Kb4 Kxb6 64. Kc4 Kc6 65. Kd4 Ra4+ 66. Ke3 Kd5 67. Kf3 Ra3+ 68. Kf2 Ke4 69. Kg2 Ke3 70. Kg3 Ke2+ 71. Kh4 Kf3 72. Kg5 Ke4 73. Kh4 Rf3 74. Kg5 Rg3+ 75. Kh4 Rg4+ 76. Kh3 Rxf4 77. Bb8 Rg4 0-1


[Site "https://www.chess.com"]

[Event "Titled Tuesday Blitz August 08 Early 2023"]
[White "Matinian, Nikita"]
[Black "Smiechu"]
[WhiteFideId "24129100"]
[WhiteElo "2669"]
[BlackElo "2367"]
[Result "1-0"]
[Round "2"]
[TimeControl "180+1"]
[Date "2023.08.08"]
[WhiteClock "0:01:16"]
[BlackClock "0:00:28"]
[Board "135"]

1. e4 c5 2. Nf3 g6 3. Bc4 Bg7 4. c3 e6 5. d4 cxd4 6. cxd4 Ne7 7. Nc3 O-O 8. Bg5 h6 9. Bh4 g5 10. Bg3 d5 11. Bb3 dxe4 12. Nxe4 Nbc6 13. O-O Nxd4 14. Nxd4 Qxd4 15. Qxd4 Bxd4 16. Bd6 Re8 17. Rad1 Bxb2 18. f4 Nf5 19. Be5 Bxe5 20. fxe5 Kg7 21. Nf6 Rf8 22. Rc1 a5 23. Rc7 a4 24. Bc2 Ne3 25. Nh5+ Kh8 26. Rfxf7 Rxf7 27. Rxf7 Ng4 28. Nf6 Nxf6 29. exf6 Kg8 30. Bg6 b6 31. Re7 Ba6 32. Re8+ Rxe8 33. f7+ 1-0


[Site "https://www.chess.com"]

[Event "Titled Tuesday Blitz August 08 Early 2023"]
[White "Nathan, Nitish"]
[Black "Goroshkov, Maksym"]
[WhiteFideId "30927870"]
[BlackFideId "14142716"]
[WhiteElo "2368"]
[BlackElo "2669"]
[Result "1-0"]
[Round "2"]
[TimeControl "180+1"]
[Date "2023.08.08"]
[WhiteClock "0:01:53"]
[BlackClock "0:01:26"]
[Board "136"]

1. d4 Nf6 2. Bf4 d6 3. e3 g6 4. Nf3 Bg7 5. h3 O-O 6. Be2 c5 7. O-O cxd4 8. exd4 Nc6 9. c3 Re8 10. d5 Nb8 11. c4 Na6 12. Nc3 Bf5 13. Nd4 Bd7 14. Bh2 Qb6 15. Nb3 Nc5 16. Nxc5 Qxc5 17. Rc1 Rac8 18. a3 a5 19. Kh1 Qb6 20. Qd2 h5 21. Bg1 Kh7 22. Bd3 a4 23. f4 Qd8 24. f5 Rf8 25. fxg6+ fxg6 26. Bd4 Be8 27. Rce1 Bf7 28. Qg5 Bh6 29. Qh4 Kg7 30. Ne4 Kg8 31. Nxf6+ exf6 32. Bxf6 Qa5 33. Bc3 Qb6 34. Qf6 Kh7 35. Re7 Rc7 36. Qxg6# 1-0


[Site "https://www.chess.com"]

[Event "Titled Tuesday Blitz August 08 Early 2023"]
[White "Zeynalli, Rashad"]
[Black "Lacasa Diaz, Jose Antonio"]
[WhiteFideId "13403320"]
[BlackFideId "2203375"]
[WhiteElo "2669"]
[BlackElo "2358"]
[Result "1-0"]
[Round "2"]
[TimeControl "180+1"]
[Date "2023.08.08"]
[WhiteClock "0:01:07"]
[BlackClock "0:00:32"]
[Board "137"]

1. e4 c5 2. Nf3 e6 3. g3 Nc6 4. Bg2 Nf6 5. Qe2 e5 6. O-O Be7 7. Na3 O-O 8. c3 Re8 9. Nc4 Bf8 10. d3 d5 11. exd5 Nxd5 12. a4 Bg4 13. h3 Bh5 14. a5 f6 15. Rd1 Qd7 16. Nfxe5 Bxe2 17. Nxd7 Bxd1 18. Bxd5+ Kh8 19. Be3 Be2 20. a6 Rad8 21. axb7 Nb8 22. Nxb8 Rxb8 23. Bf4 Bxd3 24. Bxb8 Rxb8 25. Rxa7 Bxc4 26. Bxc4 Bd6 27. Ra6 Bc7 28. Bd5 Rd8 29. Rc6 Bb8 30. Rc8 1-0


[Site "https://www.chess.com"]

[Event "Titled Tuesday Blitz August 08 Early 2023"]
[White "Shapiro, Daniel"]
[Black "Nagare Kaivalya Sandip"]
[WhiteFideId "2001780"]
[BlackFideId "25957929"]
[WhiteElo "2367"]
[BlackElo "2658"]
[Result "0-1"]
[Round "2"]
[TimeControl "180+1"]
[Date "2023.08.08"]
[WhiteClock "0:00:13"]
[BlackClock "0:01:44"]
[Board "138"]

1. d4 Nf6 2. c4 e6 3. g3 Bb4+ 4. Bd2 Qe7 5. Bg2 Nc6 6. Nf3 Bxd2+ 7. Qxd2 Ne4 8. Qc2 Qb4+ 9. Kf1 d5 10. a3 Qe7 11. Nc3 Nf6 12. e3 O-O 13. Ke2 dxc4 14. Rhd1 e5 15. d5 Na5 16. e4 Nb3 17. Rab1 Bg4 18. Kf1 Bxf3 19. Bxf3 Nd4 20. Rxd4 exd4 21. Nb5 Qc5 22. a4 a6 23. Na3 b5 24. b4 d3 25. bxc5 dxc2 26. Nxc2 Rab8 27. e5 Nd7 28. d6 Nxe5 29. Be4 cxd6 30. cxd6 Rfd8 31. axb5 axb5 32. f4 Nd3 33. Bxd3 cxd3 34. Nb4 Rxd6 35. Rd1 Rbd8 36. Kf2 d2 37. Ke3 Re6+ 0-1


[Site "https://www.chess.com"]

[Event "Titled Tuesday Blitz August 08 Early 2023"]
[White "Gamayev, Oleg"]
[Black "Villuendas Valero, Adrian"]
[WhiteFideId "2802813"]
[BlackFideId "2262460"]
[WhiteElo "2640"]
[BlackElo "2328"]
[Result "1-0"]
[Round "2"]
[TimeControl "180+1"]
[Date "2023.08.08"]
[WhiteClock "0:01:39"]
[BlackClock "0:00:20"]
[Board "139"]

1. d3 Nf6 2. e4 d6 3. Nf3 g6 4. Be2 Bg7 5. O-O O-O 6. c3 c6 7. a4 e5 8. h3 a5 9. Re1 Nbd7 10. Nbd2 Nb6 11. Qc2 Be6 12. b3 Qc7 13. Ba3 Rfe8 14. Rab1 Rad8 15. Nc4 Nxc4 16. bxc4 Nh5 17. Rb2 Nf4 18. Bf1 Rb8 19. Reb1 Bf6 20. d4 Bd7 21. c5 exd4 22. cxd6 Qd8 23. cxd4 Bc8 24. e5 Bg7 25. Qe4 Nd5 26. Bc4 Bf5 27. Qe2 Nc3 28. Qe1 Nxb1 29. Rxb1 Bxb1 30. Qxb1 Qd7 31. Ng5 Re6 32. Qb3 b5 33. Nxe6 Rb7 34. Nc5 bxc4 35. Qxb7 Qf5 36. Qb8+ Bf8 37. d7 Qb1+ 38. Qxb1 1-0


[Site "https://www.chess.com"]

[Event "Titled Tuesday Blitz August 08 Early 2023"]
[White "Maung, Maung Kyaw Zaw Hein"]
[Black "Tregubov, Pavel V."]
[WhiteFideId "13001698"]
[BlackFideId "4115341"]
[WhiteElo "2341"]
[BlackElo "2621"]
[Result "0-1"]
[Round "2"]
[TimeControl "180+1"]
[Date "2023.08.08"]
[WhiteClock "0:00:01"]
[BlackClock "0:00:22"]
[Board "140"]

1. Nf3 Nf6 2. c4 c5 3. d4 cxd4 4. Nxd4 a6 5. Nc3 d5 6. cxd5 Nxd5 7. Bd2 e5 8. Nf3 Nc6 9. e4 Ndb4 10. Bg5 Qxd1+ 11. Kxd1 f6 12. Be3 Bg4 13. a3 O-O-O+ 14. Kc1 Nd3+ 15. Kc2 Nc5 16. b4 Ne6 17. Nd5 Bxf3 18. gxf3 Ned4+ 19. Kb2 Bd6 20. f4 exf4 21. Nxf4 Rhe8 22. Bg2 Nb5 23. Bh3+ Kb8 24. Ne6 Be5+ 25. Ka2 Rd3 26. Rad1 Rxa3+ 27. Kb1 Nxb4 28. Bd4 Rxe6 29. Bxe6 Bxd4 30. Kc1 Rc3+ 31. Kd2 Rc2+ 32. Ke1 Bxf2+ 33. Kf1 Bb6 34. h4 Rf2+ 35. Ke1 Nc2# 0-1


[Site "https://www.chess.com"]

[Event "Titled Tuesday Blitz August 08 Early 2023"]
[White "Fernandez Hernandez, Gerardo"]
[Black "Lewicki, Miroslaw"]
[WhiteFideId "2207400"]
[BlackFideId "1113380"]
[WhiteElo "2236"]
[BlackElo "2619"]
[Result "0-1"]
[Round "2"]
[TimeControl "180+1"]
[Date "2023.08.08"]
[WhiteClock "0:00:00"]
[BlackClock "0:00:30"]
[Board "141"]

1. e4 b6 2. d4 Bb7 3. Bd3 Nf6 4. Qe2 e6 5. Nf3 d6 6. Nc3 Be7 7. O-O O-O 8. h3 c5 9. Be3 Nc6 10. a3 Rc8 11. Qd2 cxd4 12. Nxd4 Ne5 13. f4 Nc4 14. Bxc4 Rxc4 15. Qd3 Rxc3 16. Qxc3 Nxe4 17. Qe1 Bh4 18. Qd1 Qf6 19. Nf3 Ba6 20. Bd4 Qxf4 21. Qc1 Qg3 22. Qe3 Bxf1 23. Rxf1 f5 24. Nxh4 Qxh4 25. Rf4 Qh6 26. Qf3 Ng5 27. Qg3 e5 28. Rh4 Ne4 29. Rxe4 fxe4 30. Be3 Qf6 31. Kh2 d5 32. c3 d4 33. cxd4 exd4 34. Bg5 Qe6 35. Bf4 e3 36. Be5 Rf7 0-1


[Site "https://www.chess.com"]

[Event "Titled Tuesday Blitz August 08 Early 2023"]
[White "Ncatt"]
[Black "Maus7"]
[WhiteElo "2326"]
[BlackElo "2564"]
[Result "0-1"]
[Round "2"]
[TimeControl "180+1"]
[Date "2023.08.08"]
[WhiteClock "0:01:55"]
[BlackClock "0:01:08"]
[Board "142"]

1. e4 e5 2. Nf3 Nc6 3. Bc4 Bc5 4. O-O Nf6 5. d4 Bxd4 6. Nxd4 Nxd4 7. f4 d6 8. fxe5 dxe5 9. Bg5 Qe7 10. Na3 c6 11. c3 Ne6 12. Bxf6 gxf6 13. Qf3 Nf4 14. g3 Rg8 15. Kh1 Bg4 16. Qf2 Nh3 17. Qxf6 Ng5 18. Rae1 Qxf6 19. Rxf6 Bf3+ 20. Kg1 Bxe4 21. Bxf7+ Ke7 22. Rf2 Nh3+ 23. Kf1 Bd3+ 24. Ree2 Rgf8 0-1


[Site "https://www.chess.com"]

[Event "Titled Tuesday Blitz August 08 Early 2023"]
[White "Moral Garcia, Serafin"]
[Black "Kiseljova, Marya"]
[WhiteFideId "2201925"]
[BlackFideId "4155009"]
[WhiteElo "2543"]
[BlackElo "2216"]
[Result "1-0"]
[Round "2"]
[TimeControl "180+1"]
[Date "2023.08.08"]
[WhiteClock "0:00:40"]
[BlackClock "0:00:00"]
[Board "143"]

1. c4 e5 2. g3 Nf6 3. Bg2 Be7 4. Nc3 c6 5. d4 exd4 6. Qxd4 d6 7. Nf3 Nbd7 8. Bf4 Nc5 9. Qd2 Ne6 10. Be3 O-O 11. h3 Qc7 12. O-O Rd8 13. Nd4 Nxd4 14. Bxd4 Be6 15. b3 Qd7 16. Kh2 d5 17. c5 b6 18. b4 bxc5 19. bxc5 Ne4 20. Qc2 Bxc5 21. Bxc5 Nxc5 22. Nxd5 Bxd5 23. Qxc5 Bxg2 24. Kxg2 Qd5+ 25. Qxd5 Rxd5 26. Rfc1 c5 27. Rc2 Kf8 28. Rac1 Rc8 29. e4 Rd4 30. Kf3 Ke7 31. Rxc5 Rxc5 32. Rxc5 Kd6 33. Ra5 Rd3+ 34. Kg2 Rd4 35. Rxa7 Ke6 36. Kf3 Rd3+ 37. Ke2 Rd4 38. f3 Rb4 39. a4 Rb2+ 40. Ke3 Rb3+ 41. Kf4 g5+ 42. Kg4 h5+ 43. Kxg5 Rxf3 44. Kh4 Ke5 45. Ra5+ Kxe4 46. Rxh5 Ra3 47. Ra5 f5 48. Ra8 Kf3 49. Rf8 Ke4 50. g4 fxg4 51. hxg4 Rxa4 52. g5 Ke5+ 53. Kh5 Ra6 54. g6 Ra1 55. Kh6 Rh1+ 56. Kg7 Ke6 57. Rf2 Ke7 58. Kg8 Rg1 59. g7 Rg3 60. Re2+ Kd8 61. Re5 Kd7 62. Kf7 Rf3+ 63. Kg6 Kd6 64. Rg5 1-0


[Site "https://www.chess.com"]

[Event "Titled Tuesday Blitz August 08 Early 2023"]
[White "nycjack1"]
[Black "Mitrovic, Darko R"]
[BlackFideId "927023"]
[WhiteElo "2528"]
[BlackElo "2115"]
[Result "1-0"]
[Round "2"]
[TimeControl "180+1"]
[Date "2023.08.08"]
[WhiteClock "0:00:06"]
[BlackClock "0:00:06"]
[Board "144"]

1. e4 e6 2. d4 d5 3. Nc3 Bb4 4. Ne2 Nf6 5. e5 Nfd7 6. a3 Be7 7. f4 c5 8. Be3 Nc6 9. g3 cxd4 10. Nxd4 g6 11. Qd2 Nxd4 12. Bxd4 Bc5 13. Bb5 Bxd4 14. Qxd4 O-O 15. h4 Qb6 16. Qxb6 Nxb6 17. O-O-O h5 18. Be2 Bd7 19. g4 hxg4 20. h5 Kg7 21. Rdg1 Rh8 22. Rxg4 Rh6 23. Rhg1 Rxh5 24. Rxg6+ fxg6 25. Bxh5 Be8 26. Ne2 Bf7 27. Nd4 Rh8 28. Bg4 Re8 29. b3 Nd7 30. Kd2 a6 31. Rc1 Nf8 32. c4 Rd8 33. Ke3 dxc4 34. Rxc4 Rd7 35. Rc8 Re7 36. a4 Nh7 37. a5 Nf8 38. b4 Be8 39. Rb8 Ba4 40. Bf3 Kf7 41. Rxb7 Rxb7 42. Bxb7 Nd7 43. Bxa6 g5 44. Bc4 gxf4+ 45. Kxf4 Nb8 46. Bxe6+ Ke7 47. Bc4 Nc6 48. Nxc6+ Bxc6 49. b5 Bh1 50. a6 Kd7 51. b6 Kc6 52. b7 Kc7 53. e6 Bc6 54. Ke5 Kb8 55. Kf6 Ba4 56. Ke7 Ka7 57. Kd8 Bc6 58. Kc7 Bxb7 59. e7 Bxa6 60. Bxa6 Kxa6 61. e8=Q Ka5 62. Qb8 Ka4 63. Qb2 Ka5 64. Qb3 Ka6 65. Qa4# 1-0


[Site "https://www.chess.com"]

[Event "Titled Tuesday Blitz August 08 Early 2023"]
[White "Aepfler, Christian"]
[Black "Khandelwal, Ankush"]
[WhiteFideId "4628306"]
[BlackFideId "413470"]
[WhiteElo "2057"]
[BlackElo "2506"]
[Result "0-1"]
[Round "2"]
[TimeControl "180+1"]
[Date "2023.08.08"]
[WhiteClock "0:01:34"]
[BlackClock "0:00:39"]
[Board "145"]

1. e4 c5 2. c3 Nf6 3. e5 Nd5 4. Nf3 Nc6 5. d4 cxd4 6. cxd4 d6 7. Bc4 Nb6 8. Bb5 dxe5 9. Nxe5 Bd7 10. Bxc6 Bxc6 11. O-O g6 12. Nxc6 bxc6 13. Qc2 Rc8 14. Rd1 Bg7 15. Bf4 O-O 16. Be5 Bxe5 17. dxe5 Qc7 18. Qe2 Rfd8 19. Nc3 Nd5 20. Nxd5 Rxd5 21. Rxd5 cxd5 22. e6 Qc1+ 23. Rxc1 Rxc1+ 24. Qf1 Rxf1+ 25. Kxf1 fxe6 26. Ke2 Kf7 27. Ke3 e5 28. f4 exf4+ 29. Kxf4 Kf6 30. b4 e5+ 31. Ke3 Ke6 32. Kd3 Kd6 33. a4 Kc6 34. Ke3 a6 35. g4 g5 36. h3 d4+ 37. Ke4 Kd6 38. Kd3 Kd5 39. Kd2 Kc4 0-1


[Site "https://www.chess.com"]

[Event "Titled Tuesday Blitz August 08 Early 2023"]
[White "Bluebaum, Matthias"]
[Black "Kupervaser, Erez"]
[WhiteFideId "24651516"]
[BlackFideId "2814587"]
[WhiteElo "3032"]
[BlackElo "2404"]
[Result "1-0"]
[Round "2"]
[TimeControl "180+1"]
[Date "2023.08.08"]
[WhiteClock "0:02:18"]
[BlackClock "0:00:55"]
[Board "146"]

1. d4 d5 2. c4 c6 3. Nf3 Nf6 4. Nc3 e6 5. Qc2 Nbd7 6. cxd5 exd5 7. Bg5 Be7 8. e3 Nh5 9. Bxe7 Qxe7 10. O-O-O Nhf6 11. Bd3 Nf8 12. h3 Be6 13. Kb1 O-O-O 14. Na4 Kb8 15. Rc1 Qc7 16. Nc5 N8d7 17. Qa4 Nxc5 18. Rxc5 Ne4 19. Rc2 Qb6 20. Rhc1 Rhe8 21. Ne5 Rc8 22. f3 Nd6 23. Nxc6+ Rxc6 24. Rxc6 bxc6 25. Rxc6 Qd8 26. Rxd6 Qxd6 27. Qxe8+ Kb7 28. Qb5+ Kc7 29. Qc5+ Qxc5 30. dxc5 Kc6 31. b4 d4 32. exd4 Kd5 33. Ba6 Kxd4 34. c6 1-0


[Site "https://www.chess.com"]